 Dungeon Sprint DCSS version 0.27-a0-1322-gfdffb62a71 (webtiles) character file.

Game seed: 15720689408537197610

277 mhtbhm the Basher (level 6, -7/63 HPs)
             Began as a Minotaur Berserker on June 23, 2021.
             Was a Priest of Trog.
             Killed from afar by a burning bush (16 damage)
             ... with a puff of flame
             ... in the Dungeon (Sprint IV: "Fedhas' Mad Dash").
             The game lasted 00:01:19 (634 turns).

mhtbhm the Basher (Minotaur Berserker)               Turns: 634, Time: 00:01:20

Health: -7/63      AC:  2    Str: 23    XL:     6   Next: 4%
Magic:  5/5        EV: 13    Int:  4    God:    Trog [***...]
Gold:   113        SH:  0    Dex: 10    Spells: 5/5 levels left

rFire    . . .     SeeInvis .   a - +0 mace
rCold    . . .     Faith    .   (no shield)
rNeg     . . .     Spirit   .   b - +0 animal skin
rPois    .         Reflect  .   (helmet restricted)
rElec    .         Harm     .   (no cloak)
rCorr    .         Rampage  .   (no gloves)
Will     .....     NoTele   +   (no boots)
Stlth    ++........             j - amulet of invisibility {+Inv}
HPRegen  0.20/turn              (no ring)
MPRegen  0.09/turn              (no ring)

@: on berserk cooldown, slowed, very slow
A: horns 2, retaliatory headbutt
a: Renounce Religion, Evoke Invisibility, Berserk, Trog's Hand


You were in the Dungeon.
You worshipped Trog.
Trog was most pleased with you.
You visited 1 branch You collected 113 gold pieces.

Inventory:

Hand Weapons
 a - a +0 mace (weapon)
Missiles
 k - 2 throwing nets
Armour
 b - a +0 animal skin (worn)
Jewellery
 j - the amulet of invisibility (around neck) {+Inv}
   (You found it in the Dungeon)

   [amulet of nothing]

   It lets you turn invisible.
Scrolls
 h - a scroll of blinking
Potions
 d - a potion of heal wounds
 e - a potion of haste
 f - 2 potions of magic
 g - a potion of berserk rage
 i - a potion of degeneration {unknown}


   Skills:
 + Level 9.2 Fighting
 + Level 10.0 Maces & Flails
 + Level 5.3 Armour
 + Level 4.9 Dodging
 + Level 2.7 Stealth
 + Level 1.2 Evocations


You had 5 spell levels left.
You didn't know any spells.
Your spell library was empty.

Dungeon Overview and Level Annotations

Branches:
Dungeon (1/1)

Altars:
Cheibriados
Dithmenos
Elyvilon
Gozag
Hepliaklqana
Kikubaaqudgha
Makhleb
Nemelex Xobeh
Okawaru
Qazlal
Ru
Sif Muna
Trog
Uskayaw
Vehumet
Wu Jian
Xom
Yredelemnul
Zin
The Shining One
Beogh
Jiyva
Lugonu

Shops:
D (!


Innate Abilities, Weirdness & Mutations

You have a pair of horns on your head.
You reflexively headbutt those who attack you in melee.


Message History

You are too confused!
You are too confused!
You are too confused!
Unknown command.
You hit the wandering mushroom. You headbutt the wandering mushroom.
The wandering mushroom is lightly damaged.
The scorpion stings you.
You bump into the stone wall.
The wandering mushroom closely misses you.
The scorpion stings you.
You sock the wandering mushroom!
The wandering mushroom is heavily damaged.
The wandering mushroom releases spores at you.
You are engulfed in a cloud of spores!
You see here 11 gold pieces.
You feel a strong urge to attack something.
The wandering mushroom releases spores at you!
You are engulfed in a cloud of spores!
The burning bush throws fire at you. The puff of flame hits you!
The scorpion closely misses you.
Unknown command.
You are no longer berserk.
You are exhausted.
You feel yourself slow down. The scorpion stings you.
You are poisoned.
The scorpion poisons you!
The wandering mushroom releases spores at you.
* * * LOW HITPOINT WARNING * * *
You are engulfed in a cloud of spores!
The wandering mushroom releases spores at you!
* * * LOW HITPOINT WARNING * * *
You are engulfed in a cloud of spores!
The burning bush throws fire at you. The puff of flame misses you.
You see here 11 gold pieces.
You feel better. The scorpion stings you.
* * * LOW HITPOINT WARNING * * *
The burning bush throws fire at you. The puff of flame hits you!
You die...

###################
_._.⌠.#..)...#....#
._._..'..#...#.f.P+
_._...#..###'##s@)#
._._..#..##∩∩.'..f#
_._.⌠.#############
#######


You could see 2 wandering mushrooms, a burning bush and a scorpion.

Vanquished Creatures
  2 scorpions (D)
  3 oklob saplings (D)
  2 spriggans (D)
  A river rat (D)
  A rat (D)
9 creatures vanquished.

Notes
Turn   | Place    | Note
-------+----------+-------------------------------------------
     0 | D        | mhtbhm the Minotaur Berserker began the quest for the Orb.
     0 | D        | Reached XP level 1. HP: 19/19 MP: 0/0
     9 | D        | Reached skill level 4 in Maces & Flails
     9 | D        | Reached XP level 2. HP: 28/28 MP: 1/1
   183 | D        | Noticed an oklob sapling
   184 | D        | Killed an oklob sapling
   184 | D        | Reached ** piety under Trog
   185 | D        | Reached skill level 5 in Fighting
   185 | D        | Reached skill level 6 in Maces & Flails
   185 | D        | Reached XP level 3. HP: 37/37 MP: 2/2
   216 | D        | Noticed a scorpion
   217 | D        | Found the amulet of invisibility {+Inv}
   221 | D        | Killed a scorpion
   222 | D        | Reached skill level 7 in Maces & Flails
   222 | D        | Reached XP level 4. HP: 47/47 MP: 3/3
   275 | D        | Found an opulent altar of Gozag.
   275 | D        | Found a hazy altar of Hepliaklqana.
   275 | D        | Found a burning altar of Makhleb.
   275 | D        | Found a sparkling altar of Nemelex Xobeh.
   275 | D        | Found a snail-covered altar of Cheibriados.
   275 | D        | Found a sacrificial altar of Ru.
   275 | D        | Found a shimmering blue altar of Sif Muna.
   275 | D        | Found a shimmering altar of Xom.
   275 | D        | Found a basalt altar of Yredelemnul.
   276 | D        | Found a viscous altar of Jiyva.
   276 | D        | Found a bloodstained altar of Trog.
   276 | D        | Found an ornate altar of the Wu Jian Council.
   277 | D        | Found an iron altar of Okawaru.
   277 | D        | Found a shadowy altar of Dithmenos.
   277 | D        | Found a glowing silver altar of Zin.
   278 | D        | Found an ancient bone altar of Kikubaaqudgha.
   278 | D        | Found a hide-covered altar of Uskayaw.
   279 | D        | Found a stormy altar of Qazlal.
   279 | D        | Found a white marble altar of Elyvilon.
   279 | D        | Found a glowing golden altar of the Shining One.
   280 | D        | Found a corrupted altar of Lugonu.
   280 | D        | Found a radiant altar of Vehumet.
   289 | D        | Reached skill level 8 in Maces & Flails
   289 | D        | Reached skill level 1 in Stealth
   289 | D        | Reached XP level 5. HP: 53/53 MP: 2/4
   344 | D        | Reached *** piety under Trog
   345 | D        | Reached skill level 9 in Maces & Flails
   462 | D        | Reached skill level 5 in Armour
   462 | D        | Reached skill level 1 in Evocations
   468 | D        | Reached skill level 10 in Maces & Flails
   468 | D        | Reached XP level 6. HP: 46/63 MP: 5/5
   571 | D        | Found Reitahed's Distillery.
   571 | D        | Found Zigo's Antique Weapon Emporium.
   623 | D        | Noticed a burning bush
   623 | D        | Noticed a wandering mushroom
   624 | D        | Noticed a wandering mushroom
   633 | D        | HP: 2/63 [wandering mushroom (16)]
   634 | D        | Killed from afar by a burning bush

Illustrated notes

Levels and vault maps discovered:
D:        dungeon_sprint_fedhas [sprint_temple]

Skill      XL: |  1  2  3  4  5 |
---------------+----------------+-----
Fighting       | 4 5 7 9 |  9.2
Maces & Flails | 4 6 7 8 10 | 10.0
Armour         | 3 4 5 |  5.3
Dodging        | 3 4 |  4.9
Stealth        | 1 2 |  2.7
Evocations     | 1 |  1.2

Action                   |  1- 3 |  4- 6 || total
-------------------------+-------+-------++-------
Melee: Mace              |     9 |    17 ||    26
       Headbutt          |     2 |     2 ||     4
Invok: Berserk           |     3 |     4 ||     7
 Abil: Evoke Invisibilit |       |     1 ||     1
  Use: Potion            |       |     1 ||     1
 Stab: Invisible         |       |     2 ||     2
       Sleeping          |       |     1 ||     1
Dodge: Dodged            |     3 |     9 ||    12

Table legend: (Time is in decaauts)
 A = Elapsed time spent in this place.
 B = Non-inter-level travel time spent in this place.
 C = Inter-level travel time spent in this place.
 D = Time resting spent in this place.
 E = Time spent auto-exploring this place.
 F = Levels seen in this place.
 G = Mean time per level.
                   A        B        C        D        E       F      G
               +--------+--------+--------+--------+--------+-----+--------+
         Total |    689 |    689 |      0 |    561 |      3 |   1 |  689.0 |
       Dungeon |    689 |    689 |      0 |    561 |      3 |   1 |  689.0 |
               +--------+--------+--------+--------+--------+-----+--------+

Top non-repeatable levels by time:
       D: 689 daAuts
